 Dungeon Crawl Stone Soup version 0.29.1-12-g30fa7ad0bf (webtiles) character file.

Game seed: 9763968911007444337

8645 KittyFluff the Basher (level 11, 0/71 HPs)
             Began as a Gargoyle Berserker on Jan 4, 2023.
             Was an Elder of Trog.
             Slain by a vampire (7 damage)
             ... on level 10 of the Dungeon.
             The game lasted 00:48:30 (12673 turns).

KittyFluff the Basher (Gargoyle Berserker)         Turns: 12673, Time: 00:48:31

Health: 0/71       AC: 23    Str: 24    XL:     11   Next: 34%
Magic:  11/11      EV: 11    Int:  7    God:    Trog [****..]
Gold:   242        SH:  8    Dex: 11    Spells: 10/10 levels left

rFire   . . .      SeeInvis .   a - +2 flail (protect)
rCold   . . .      Faith    .   z - +0 kite shield
rNeg    + + .      Spirit   .   O - +0 steam dragon scales
rPois   ∞          Reflect  .   (no helmet)
rElec   +          Harm     .   (no cloak)
rCorr   .          Rampage  .   (no gloves)
Will    +....                   P - +0 pair of boots
Stlth   ++........              r - amulet of the acrobat
HPRegen 0.21/turn               Q - ring of willpower
MPRegen 0.12/turn               M - ring of positive energy

@: under a protective aura
A: sickness immunity, AC +8, negative energy resistance 1, electricity
resistance, torment resistance 1, petrification resistance
a: Renounce Religion, Berserk, Trog's Hand, Brothers in Arms


You were on level 10 of the Dungeon.
You worshipped Trog.
Trog was greatly pleased with you.
You visited 1 branch of the dungeon, and saw 10 of its levels.
You also visited: Sewer.

You collected 564 gold pieces.
You spent 322 gold pieces at shops.

Inventory:

Hand Weapons
 a - a +2 flail of protection (weapon)
 i - a +0 sling
 p - a +1 mace of holy wrath
Missiles
 c - 101 stones (quivered)
 d - a throwing net
 h - 30 poisoned darts
 w - 3 boomerangs
 A - 2 curare-tipped darts
Armour
 e - a +0 troll leather armour
 z - a +0 kite shield (worn)
 L - a +0 chain mail
 O - +0 steam dragon scales (worn)
 P - a +0 pair of boots (worn)
Jewellery
 r - an amulet of the acrobat (around neck)
 M - a ring of positive energy (right hand)
 Q - a ring of willpower (left hand)
Wands
 s - a wand of flame (10)
 E - a wand of charming (13)
 H - a wand of iceblast (7)
Scrolls
 b - 2 scrolls of blinking {unknown}
 f - 4 scrolls of poison
 j - 2 scrolls of vulnerability
 l - 2 scrolls of amnesia {unknown}
 m - 2 scrolls of butterflies
 o - 4 scrolls of magic mapping
 q - a scroll of enchant armour {unknown}
 x - a scroll of teleportation
 y - a scroll of fear
 I - a scroll of enchant weapon
Potions
 g - 8 potions of curing
 k - 5 potions of berserk rage
 t - a potion of ambrosia {unknown}
 u - 2 potions of degeneration {unknown}
 v - a potion of mutation {unknown}
 B - 6 potions of haste
 C - a potion of cancellation
 D - 6 potions of heal wounds
 F - 2 potions of magic {unknown}
 G - 4 potions of might
 J - 2 potions of flight
 K - a potion of invisibility
 N - a potion of attraction {unknown}


   Skills:
 + Level 9.0 Fighting
 + Level 11.6 Maces & Flails
 + Level 1.0 Ranged Weapons
 + Level 1.0 Throwing
 * Level 8.5 Armour
 + Level 5.1 Dodging
 + Level 4.2 Stealth
 * Level 3.3 Shields


You had 10 spell levels left.
You didn't know any spells.
Your spell library was empty.

Dungeon Overview and Level Annotations

Branches:
Dungeon (10/15)            Temple (0/1) D:4            Lair (0/5) D:8
  Sewer (visited)
    Orc: D:9-12

Altars:
Ashenzari
Cheibriados
Dithmenos
Gozag
Hepliaklqana
Kikubaaqudgha
Nemelex Xobeh
Ru
Vehumet
Wu Jian

Shops:
D:7 !


Innate Abilities, Weirdness & Mutations

You are immune to sickness and miasma.
Your stone body is resilient. (AC +8)
You are immune to poison.
You resist negative energy. (rN+)
You are resistant to electric shocks. (rElec)
You are resistant to unholy torment.
You are immune to petrification.


Message History

The killer bee attacks as you move away!
The killer bee completely misses you. Something hits you but does no damage.
The killer bee stings you but does no damage.
You closely miss the killer bee. Something hits you but does no damage.
The killer bee closely misses you. The killer bee barely misses you.
You completely miss the killer bee. Something hits you but does no damage.
The killer bee barely misses you. Something hits you. Something bites you.
The killer bee closely misses you.
You're too confused to move!
You feel less confused. The killer bee closely misses you. Something hits you.
Something hits you but does no damage. Something bites you but does no damage.
The killer bee stings you but does no damage.
You closely miss something. Something hits you but does no damage.
The killer bee stings you but does no damage.
Something hits you but does no damage. Something bites you!
You block the killer bee's attack. Something misses you.
You block the killer bee's attack. Something misses you.
Something completely misses you. Something closely misses you.
You block the killer bee's attack.
You hit something but do no damage.
Your weapon exudes an aura of protection.
Something hits you but does no damage. You block the killer bee's attack.
Something hits you. Something bites you but does no damage.
The killer bee closely misses you.
You sock something! Something hits you.
* * * LOW HITPOINT WARNING * * *
The killer bee stings you.
* * * LOW HITPOINT WARNING * * *
Something hits you but does no damage. Something bites you but does no damage.
The killer bee stings you but does no damage.
Something misses you.
The killer bee stings you but does no damage.
You sock something! Something hits you.
* * * LOW HITPOINT WARNING * * *
The killer bee stings you but does no damage.
Something hits you.
* * * LOW HITPOINT WARNING * * *
Something hits you!
You die...

#####.##### #.# #.### #.# #...#
##'## ####### #######.## ##...#
+.##.)#. .$#..'.).# ##.....
##..##...##.##.###..# ##......
#..#.##..#..#..#..#####.......
###..#.##...##.###..##.'.......
#.....#.##..#y@#..######.......
##..#..#.##..{###..# ##......
#..##.#..#)##.Y#..### ##.....
##. ##.#))#†#####..# ##...# .#
##.#).#.##..### ##'## #.
##.#..#.##..# #.# ##.#..#..###
#.# ##.#.....# ##.## ##.#..###
##...#


You could see a yak and a killer bee.

Vanquished Creatures
  3 two-headed ogres
  A cyclops (D:8)
  2 trolls
  Grinder (D:4)
  Sigmund (D:5)
  3 wyverns
  A shadow (D:9)
  4 yaks (D:9)
  Eustachio (D:5)
  3 steam dragons
  2 vampire mosquitoes (D:10)
  Menkaure (D:5)
  An acid dragon (D:10)
  5 water moccasins
  3 orc warriors
  2 black bears
  4 ogres
  3 centaurs
  A phantom (D:5)
  3 kobold brigands
  3 bullfrogs
  4 scorpions
  Blork the orc (D:5)
  2 howler monkeys (D:9)
  A lava snake (D:7)
  3 jellies
  7 orc priests
  2 gnoll boudas
  5 iguanas
  11 orc wizards
  8 gnolls
  5 river rats (Sewer)
  11 adders
  A shadow imp (D:7)
  3 white imps
  2 ufetubi
  A worm (D:4)
  2 dart slugs
  38 orcs
  5 endoplasms
  5 giant cockroaches
  4 goblins
  4 hobgoblins
  5 jackals (D:3)
  25 kobolds
  5 quokkas
  11 ball pythons
  2 bats (D:2)
  6 frilled lizards
  24 rats
251 creatures vanquished.

Vanquished Creatures (others)
  3 fungi (D:8)
  4 plants (D:8)
7 creatures vanquished.

Grand Total: 258 creatures vanquished

Notes
Turn   | Place    | Note
-------+----------+-------------------------------------------
     0 | D:1      | KittyFluff the Gargoyle Berserker began the quest for the
                  | Orb.
     0 | D:1      | Reached XP level 1. HP: 14/14 MP: 1/1
   291 | D:1      | Found a faded altar of an unknown god.
   293 | D:1      | Reached XP level 2. HP: 18/19 MP: 2/2
   988 | D:2      | Reached XP level 3. HP: 24/24 MP: 3/3
  1426 | D:2      | Reached ** piety under Trog
  1457 | D:2      | Reached XP level 4. HP: 27/29 MP: 4/4
  1511 | D:2      | Reached skill level 1 in Stealth
  2043 | D:3      | Noticed a black bear
  2051 | D:3      | Killed a black bear
  2052 | D:3      | Reached skill level 4 in Maces & Flails
  2052 | D:3      | Reached XP level 5. HP: 34/34 MP: 5/5
  2906 | D:4      | Noticed Grinder
  2916 | D:4      | Reached XP level 6. HP: 34/39 MP: 6/6
  2932 | D:4      | Paralysed by Grinder for 4 turns
  2937 | D:4      | Killed Grinder
  2938 | D:4      | Reached skill level 5 in Maces & Flails
  2938 | D:4      | Reached XP level 7. HP: 44/44 MP: 7/7
  3025 | D:4      | Found a staircase to the Ecumenical Temple.
  3665 | D:4      | Reached skill level 5 in Fighting
  3835 | D:5      | Entered Level 5 of the Dungeon
  3895 | D:5      | Found a hazy altar of Hepliaklqana.
  3897 | D:5      | Found an ancient bone altar of Kikubaaqudgha.
  3897 | D:5      | Noticed Sigmund
  3898 | D:5      | Found an ornate altar of the Wu Jian Council.
  3908 | D:5      | Killed Sigmund
  3909 | D:5      | Reached skill level 6 in Maces & Flails
  3923 | D:5      | Reached *** piety under Trog
  3924 | D:5      | Reached XP level 8. HP: 20/49 MP: 8/8
  3948 | D:5      | Found a radiant altar of Vehumet.
  3998 | D:5      | Found a glowing drain.
  4010 | D:5      | HP: 1/49 [ogre/+0 giant spiked club (18)]
  4013 | D:5      | Reached skill level 7 in Maces & Flails
  4218 | Sewer    | Entered a sewer
  4685 | Sewer    | Reached **** piety under Trog
  4803 | Sewer    | Reached skill level 1 in Ranged Weapons
  4803 | Sewer    | Reached skill level 5 in Armour
  5059 | D:5      | Noticed Eustachio
  5086 | D:5      | Killed Eustachio
  5171 | D:5      | Noticed Menkaure
  5180 | D:5      | Killed Menkaure
  5181 | D:5      | Reached skill level 8 in Maces & Flails
  5303 | D:5      | Noticed Blork the orc
  5316 | D:5      | Killed Blork the orc
  5317 | D:5      | Reached XP level 9. HP: 48/55 MP: 9/9
  5980 | D:6      | Noticed a troll
  6303 | D:6      | Found a snail-covered altar of Cheibriados.
  6319 | D:6      | Killed a troll
  6954 | D:7      | Found a sparkling altar of Nemelex Xobeh.
  7058 | D:7      | Noticed a two-headed ogre
  7066 | D:7      | Reached skill level 9 in Maces & Flails
  7086 | D:7      | Killed a two-headed ogre
  7408 | D:7      | Reached XP level 10. HP: 22/63 MP: 10/10
  8042 | D:7      | Reached skill level 10 in Maces & Flails
  8368 | D:7      | Found Kokhory's Distillery.
  8553 | D:7      | Bought a potion of curing for 42 gold pieces
  8553 | D:7      | Bought a potion of flight for 42 gold pieces
  8553 | D:7      | Bought a potion of heal wounds for 70 gold pieces
  8553 | D:7      | Bought a potion of might for 56 gold pieces
  8553 | D:7      | Bought a potion of invisibility for 112 gold pieces
  8796 | D:8      | Found an opulent altar of Gozag.
  8914 | D:8      | Noticed a cyclops
  8934 | D:8      | Killed a cyclops
  8935 | D:8      | Reached skill level 1 in Shields
  9171 | D:8      | Found a sacrificial altar of Ru.
  9555 | D:8      | Found a staircase to the Lair.
  9773 | D:8      | Found a broken altar of Ashenzari.
 10354 | D:9      | Reached skill level 11 in Maces & Flails
 10530 | D:9      | Found a shadowy altar of Dithmenos.
 10745 | D:9      | Reached skill level 1 in Throwing
 10747 | D:9      | Reached XP level 11. HP: 54/69 MP: 11/11
 11050 | D:9      | Noticed a two-headed ogre
 11064 | D:9      | Killed a two-headed ogre
 11065 | D:9      | Reached skill level 5 in Dodging
 11378 | D:9      | Noticed a two-headed ogre
 11390 | D:9      | Killed a two-headed ogre
 11569 | D:10     | Entered Level 10 of the Dungeon
 12673 | D:10     | Slain by a vampire

Illustrated notes

Levels and vault maps discovered:
D:1:      dpeg_arrival_stone_temple_mockup, layout_basic,
          shapermc_ecumenical_altar_notcrosses
D:2:      layout_loops_ring
D:3:      layout_loops_ring
D:4:      layout_loops_ring, temple_hall, uniq_grinder
D:5:      layout_basic, overflow_temple_1_default, grunt_temple_overflow_open,
          portal_sewer_entry_d, uniq_menkaure, uniq_eustachio, uniq_sigmund,
          uniq_blork_the_orc
D:6:      layout_cave_pools, nicolae_overflow_hidden_temple
D:7:      minmay_chambers_of_fours, layout_loops_cross,
          nemelex_diamond_rough_becter, serial_shops,
          nicolae_inconvenience_store, st_stairs_11
D:8:      layout_basic, nicolae_gozag_cash_rules_everything_around_me,
          mainiacjoe_overflow_24_doors, mainiacjoe_overflow_cross_hatched,
          grunt_lair_entry_orc_guard_hut
D:9:      kennysheep_blocky_hall, layout_basic,
          mainiacjoe_overflow_six_doors_small
D:10:     minmay_razor_zed, layout_loops_corners, general_overflow_altar,
          minmay_misc_feat_tower, laboratory

Skill      XL: |  1  2  3  4  5  6  7  8  9 10 11 |
---------------+----------------------------------+-----
Fighting       | 4 5 7 8 9 |  9.0
Stealth        | 1 2 3 4 |  4.2
Maces & Flails | 4 5 6 8 9 11 | 11.6
Armour         | 3 4 5 6 8 |  8.5
Dodging        | 2 3 4 5 |  5.1
Ranged Weapons | 1 |  1.0
Shields        | 2 3 |  3.3
Throwing       | 1 |  1.0

Action                   |  1- 3 |  4- 6 |  7- 9 | 10-12 || total
-------------------------+-------+-------+-------+-------++-------
Melee: Mace              |    94 |   115 |    36 |       ||   245
       Punch             |       |     1 |     2 |       ||     3
       Flail             |       |       |   361 |   399 ||   760
 Fire: Sling             |       |       |    20 |       ||    20
Throw: Stone             |       |     2 |     5 |     5 ||    12
Invok: Berserk           |       |     2 |     3 |     4 ||     9
  Use: Scroll            |       |     2 |     7 |     5 ||    14
 Stab: Sleeping          |       |       |       |     2 ||     2
Armor: Animal skin       |    28 |    15 |       |       ||    43
       Leather armour    |       |    27 |   138 |    86 ||   251
       Skin              |       |       |       |    15 ||    15
       Steam dragon scal |       |       |       |    90 ||    90
Dodge: Dodged            |    65 |    69 |   236 |   208 ||   578
Block: Kite shield       |       |       |     3 |   139 ||   142
